 Dungeon Sprint DCSS version 0.30.1-9-gdf580d7c3d (webtiles) character file.

Game seed: 3317751456089370088

8 Heoruswealwe the Trooper (level 2, -7/28 HPs)
             Began as a Minotaur Fighter on Sept 28, 2023.
             Succumbed to a water moccasin's poison
             ... in the Dungeon (Sprint IX: "|||||||||||||||||||||||||||||").
             The game lasted 00:00:54 (36 turns).

Heoruswealwe the Trooper (Minotaur Fighter)           Turns: 36, Time: 00:00:54

Health: -7/28      AC:  7    Str: 20    XL:     2   Next: 0%
Magic:  1/1        EV:  9    Int:  5    God:
Gold:   0          SH:  4    Dex:  9    Spells: 1/1 levels left

rFire   . . .        a - +0 trident
rCold   . . .        d - +0 buckler
rNeg    . . .        c - +0 scale mail
rPois   .            (helmet restricted)
rElec   .            (no cloak)
rCorr   .            (no gloves)
SInv    .            (no boots)
Will    .....        (no amulet) Stlth
                     (no ring)
HPRegen 0.24/turn    (no ring)
MPRegen 0.07/turn

%: no teleportation
@: lethally poisoned (-7 -> -38)
A: horns 2, retaliatory headbutt
a: no special abilities


You were in the Dungeon.
You visited 1 branch

Inventory:

Hand Weapons
 a - a +0 trident (weapon)
Armour
 c - a +0 scale mail (worn)
 d - a +0 buckler (worn)
Scrolls
 j - a scroll of blinking
Potions
 b - a potion of might
 g - a potion of haste
 i - a potion of berserk rage


   Skills:
 + Level 4.3 Fighting
 * Level 4.1 Polearms
 + Level 4.3 Armour
 - Level 3.6 Shields


You had one spell level left.
You didn't know any spells.
Your spell library was empty.

Dungeon Overview and Level Annotations

Branches:
Dungeon (1/1)

Altars:


Innate Abilities, Weirdness & Mutations

You have a pair of horns on your head.
You reflexively headbutt those who attack you in melee.


Message History

You miss the water moccasin.
The water moccasin is moderately wounded.
The water moccasin bites you.
You are poisoned.
The water moccasin poisons you! The water moccasin closely misses you.
You furiously retaliate!
You headbutt the water moccasin! You closely miss the water moccasin.
The water moccasin is heavily wounded.
You feel very sick. The water moccasin barely misses you.
You barely miss the water moccasin.
The water moccasin is heavily wounded.
You feel sick. The water moccasin bites you!
You are lethally poisoned!
The water moccasin poisons you! The water moccasin closely misses you.
You furiously retaliate!
You headbutt the water moccasin.
You feel much better.
You feel very sick. The water moccasin bites you.
You barely miss the water moccasin.
The water moccasin is heavily wounded.
You feel very sick.
The water moccasin barely misses you. x2
You miss the water moccasin.
The water moccasin is heavily wounded.
You feel very sick. The water moccasin barely misses you.
You puncture the water moccasin!
The water moccasin is almost dead.
You feel very sick. The water moccasin bites you.
* * * LOW HITPOINT WARNING * * *
You are more poisoned.
The water moccasin poisons you! The water moccasin bites you.
* * * LOW HITPOINT WARNING * * *
You are more poisoned.
The water moccasin poisons you!
You miss the water moccasin.
The water moccasin is almost dead.
You die... ▓▓▓▓▓▓▓▓▓▓▓▓▓▓▓▓▓▓ ▓<.!.††...@Ssfhg.+ ▓▓▓▓▓▓▓▓▓▓▓▓▓▓▓▓▓▓

You could see a water moccasin, a black bear, a sleepcap, a gnoll sergeant and a scorpion.

Vanquished Creatures
  A dart slug (D)
  An endoplasm (D)
  A giant cockroach (D)
  2 quokkas (D)
5 creatures vanquished.

Notes
Turn   | Place    | Note
-------+----------+-------------------------------------------
     0 | D        | Heoruswealwe the Minotaur Fighter began the quest for the
                  | Orb.
     0 | D        | Reached XP level 1. HP: 19/19 MP: 0/0
    18 | D        | Reached XP level 2. HP: 28/28 MP: 1/1
    23 | D        | Noticed a water moccasin
    23 | D        | Noticed a scorpion
    23 | D        | Noticed a black bear
    23 | D        | Noticed a gnoll sergeant
    35 | D        | HP: 1/28 [water moccasin (4)]
    36 | D        | Succumbed to a water moccasin's poison

Illustrated notes

Levels and vault maps discovered:
D:        linesprint [early_d, line_temple, items_1, d_10, items_2, lair_1,
          lair_end, items_3, orc_1, orc_end, items_4, d_15, swamp_1, shoals_1,
          snake_1, spider_1, d_20, vaults_1, items_5, swamp_end, shoals_end,
          snake_end, spider_end, vaults_end, d_27, items_6, zot_1, zot_end,
          crypt_end, forest_end, elf_end, slime_end, tomb_end, abyss_end,
          pan_hell_end]

Skill      XL: |  1 |
---------------+----+-----
Polearms       | 4 |  4.1
Fighting       | 4 |  4.3
Armour         | 4 |  4.3
Shields        | |  3.6

Action                     || total
---------------------------++-------
  Melee: Trident           ||    23
         Headbutt          ||     1
    Use: Potion            ||     2
 Armour: Scale mail        ||     4
  Dodge: Dodged            ||    14
  Block: Buckler           ||     3
